 Dungeon Sprint DCSS version 0.18-a0-1343-g48c8f86 (webtiles) character file.

94246 Kidiri the Warrior (level 16, -24/180 HPs)
             Began as a Naga Fighter on Feb 16, 2016.
             Was the Champion of Cheibriados.
             Killed from afar by a deep elf knight (63 damage)
             ... with a shard of ice
             ... in the Dungeon (Sprint V: "Ziggurat Sprint").
             The game lasted 00:16:28 (2213 turns).

Kidiri the Warrior (Naga Fighter)                   Turns: 2213, Time: 00:16:28

Health: -24/180    AC: 50    Str: 53      XL:     16   Next: 10%
Magic:  13/22      EV: 15    Int: 26 (27) God:    Cheibriados [******]
Gold:   0          SH: 38    Dex: 24      Spells: 0 memorised, 15 levels left

rFire  . . .     SeeInvis +     c - +6 shillelagh "Devastator" {shatter}
rCold  . . .     Gourm    .     J - +15 Maxwell's patent armour {-Cast -Tele rElec MR+ rCorr}
rNeg   + . .     Faith    .     K - +18 shield of the gong {rElec rN+ MR+ EV-5}
rPois  +         Spirit   .     (helmet restricted)
rElec  +         Dismiss  .     a - +0 cloak of Yredelemnul's Fury {Str+2}
rCorr  +         Reflect  .     N - +0 pair of gloves {archery}
SustAt .         Harm     +     y - +4 naga barding "Zaecs" {Int+2}
MR     ++++.     NoTele   +     b - amulet of harm
Stlth  .......... NoCast   +    E - +6 ring of strength
                                D - +6 ring of strength

@: very slow, incredibly resistant to hostile enchantments, extremely unstealthy
A: antennae 1, fangs 1, repulsion field 1, thin metallic scales 1, see
invisible, clumsy 1, deformed body, deterioration 1, low mp 1, poison
resistance, screaming 1, slowness 2, slow metabolism 1, spit poison 2, evolution
1, constrict 1, AC +5
a: Spit Poison, Bend Time, Temporal Distortion, Slouch, Step From Time, Renounce
Religion


You were in the Dungeon.
You worshipped Cheibriados.
Cheibriados was exalted by your worship.
You were not hungry.

You visited 1 branch

Inventory:

Hand Weapons
 c - the +6 shillelagh "Devastator" (weapon) {shatter}
   (You found it in the Dungeon)
Armour
 a - the +0 cloak of Yredelemnul's Fury (worn) {Str+2}
   (You found it in the Dungeon)

   It affects your strength (+2).
 y - the +4 naga barding "Zaecs" (worn) {Int+2}
   (You acquired it in the Dungeon)

   It affects your intelligence (+2).
 J - the +15 Maxwell's patent armour (worn) {-Cast -Tele rElec MR+ rCorr}
   (You found it in the Dungeon)

   It insulates you from electricity.
   It affects your resistance to hostile enchantments.
   It prevents spellcasting.
   It prevents most forms of teleportation.
   It protects you from acid and corrosion.
 K - the +18 shield of the gong (worn) {rElec rN+ MR+ EV-5}
   (You found it in the Dungeon)

   It affects your evasion (-5).
   It insulates you from electricity.
   It protects you from negative energy.
   It affects your resistance to hostile enchantments.
 N - a +0 pair of gloves of archery (worn)
Jewellery
 b - an amulet of harm (around neck)
 j - the ring of Edoog {Fragile +Inv rElec rC- rN+}
   (You found it in the Dungeon)

   [ring of positive energy]

   It makes you vulnerable to cold.
   It insulates you from electricity.
   It protects you from negative energy.
   It lets you turn invisible.
   It will be destroyed if unequipped.
 A - the ring "Teizaf" {Int+7 SInv}
   (You found it in the Dungeon)

   [ring of see invisible]

   It affects your intelligence (+7).
   It lets you see invisible.
 C - the ring of Wink {rElec rF+ rC- Dex+9}
   (You found it in the Dungeon)

   [ring of protection from fire]

   It affects your dexterity (+9).
   It protects you from fire.
   It makes you vulnerable to cold.
   It insulates you from electricity.
 D - a +6 ring of strength (left hand)
 E - a +6 ring of strength (right hand)
 M - the ring "Yhurrawk" {Fire Str+4}
   (You took it off a draconian knight in the Dungeon)

   [ring of fire]

   It enhances your fire magic, and weakens your ice magic.
   It affects your strength (+4).
   It protects you from fire.
   It makes you vulnerable to cold.
Wands
 F - a wand of disintegration (7/24)
 G - a wand of iceblast (5/15)
 H - a wand of lightning (5/15)
 I - a wand of acid (5/15)
Scrolls
 h - 4 scrolls of brand weapon
 k - 4 scrolls of blinking
 q - 4 scrolls of amnesia
 r - 4 scrolls of recharging
 s - 7 scrolls of fog
 t - a scroll of holy word
 u - 5 scrolls of identify
 v - 5 scrolls of remove curse
 w - 2 scrolls of fear
Potions
 d - 6 potions of might
 e - 9 potions of curing
 g - 10 potions of heal wounds
 i - 7 potions of magic
 l - 2 potions of brilliance
 m - 2 potions of invisibility
 n - 4 potions of resistance
 p - 6 potions of agility
Comestibles
 f - 5 bread rations
 o - 6 royal jellies
 x - 42 fruits
 z - 3 meat rations


   Skills:
 * Level 20.8 Fighting
 * Level 20.6 Maces & Flails
 * Level 18.0 Armour
 + Level 13.2 Dodging
 * Level 19.4 Shields
 - Level 11.8 Invocations


You had 15 spell levels left.
You didn't know any spells.

Dungeon Overview and Level Annotations

Branches:
Dungeon (1/1)

Altars:
Ashenzari
Cheibriados
Dithmenos
Elyvilon
Fedhas
Gozag
Kikubaaqudgha
Makhleb
Nemelex Xobeh
Okawaru
Pakellas
Qazlal
Ru
Sif Muna
Trog
Vehumet
Xom
Yredelemnul
Zin
The Shining One
Beogh
Jiyva
Lugonu


Innate Abilities, Weirdness & Mutations

You cannot wear boots.
Your serpentine skin is tough (AC +5).
You have supernaturally acute eyesight.
Armour fits poorly on your strangely shaped body.
Your system is resistant to poisons.
You cover ground very slowly.
You have a slow metabolism.
You can spit poison.
You can use your snake-like lower body to constrict enemies.
You have a pair of small antennae on your head.
You have very sharp teeth.
You are surrounded by a mild repulsion field (EV +2).
You are partially covered in thin metallic scales (AC +2).
You are clumsy. (Dex -2)
Your body sometimes deteriorates upon taking damage.
Your magical capacity is low (-10% MP).
You occasionally shout uncontrollably at your foes.
You evolve.


Message History

Cheibriados thoroughly appreciates the change of pace.
Your Armour skill increases to level 18!
You destroy the battlesphere!
You feel somewhat more hungry.
The ynoxinul gestures.
The deep elf master archer shoots an arrow.
The arrow hits you!
You block the deep elf annihilator's attack.
GONNNNG!
The deep elf high priest utters an invocation to its god.
The deep elf mage gestures at you while chanting.
The bolt of cold hits you!
* * * LOW HITPOINT WARNING * * *
Your body deteriorates!
You feel dopey.
The deep elf master archer shoots an arrow.
BOUMMMMG!
You block the arrow.
The deep elf knight casts a spell at you.
The shard of ice hits you!
You die...

, ,, ▓...)..).
..)e)e|§)[=:}..▓......))
.4..|}|e4)[....▓.....)..
..e.4e)3.5ee.e.▓..▓..)..
...e....e......▓.▓.▓..(.
...e.e.eee3E...▓..▓.....
....ee)35ee....▓........
.......)...5...▓........
..e....@e......▓▓▓▓▓▓▓▓▓
.......(.......
...▓.......▓...
............... ,,
...............
............... 8
▓▓▓▓▓▓▓▓▓▓▓▓▓▓▓ *


You could see 4 deep elf master archers, 4 deep elf annihilators, 3 deep elf
sorcerers, a soul eater, 2 deep elf knights, 6 deep elf high priests, an ice
devil, a rust devil, a water elemental, 2 deep elf magi, a sixfirhy, a neqoxec,
a ynoxinul and 3 ufetubi.

Vanquished Creatures
  2 deep elf blademasters (D)
  2 deep elf master archers (D)
  A quicksilver dragon (D)
  2 shadow dragons (D)
  A draconian monk (D)
  2 frost giants (D)
  A draconian knight (D)
  A deep elf sorcerer (D)
  2 iron dragons (D)
  A draconian shifter (D)
  A draconian zealot (D)
  2 ghouls (D)
  A reaper (D)
  A very ugly thing (D)
  5 green draconians (D)
  3 black draconians (D)
  3 deep elf annihilators (D)
  3 mottled draconians (D)
  3 yellow draconians (D)
  A purple draconian (D)
  3 white draconians (D)
  A fire dragon (shapeshifter) (D)
  A vault guard (D)
  A merfolk javelineer (D)
  A crystal guardian (D)
  2 blizzard demons (D)
  A deep elf high priest (D)
  2 merfolk impalers (D)
  2 ice dragons (D)
  An ogre mage (D)
  A merfolk aquamancer (D)
  10 dancing weapons (D)
  An alligator snapping turtle (D)
  2 deep elf knights (D)
  3 iron golems (D)
  5 soul eaters (D)
  A skeletal warrior (D)
  A death drake (shapeshifter) (D)
  2 sea snakes (D)
  A shadow demon (D)
  A deep elf archer (D)
  2 cyclopes (D)
  2 orc knights (D)
  3 wolf spiders (D)
  4 deep elf magi (D)
  A shining eye (D)
  A manticore (D)
  2 hornets (D)
  9 ugly things (D)
  A moth of wrath (shapeshifter) (D)
  4 toenail golems (D)
  A black mamba (shapeshifter) (D)
  A siren (D)
  2 rust devils (D)
  A spiny frog (shapeshifter) (D)
  3 gargoyles (D)
  2 freezing wraiths (D)
  4 tormentors (D)
  5 yaktaurs (D)
  An ice devil (D)
  A demonic crawler (D)
  A polar bear (D)
  A troll (D)
  A jumping spider (shapeshifter) (D)
  A merfolk (D)
  A slime creature (shapeshifter) (D)
  5 two-headed ogres (D)
  2 redbacks (shapeshifter) (D)
  2 wraiths (D)
  A tarantella (D)
  5 redbacks (D)
  4 shadows (D)
  A neqoxec (D)
  A hog (shapeshifter) (D)
  A fire elemental (D)
  A human (shapeshifter) (D)
  3 wolves (D)
  A soldier ant (shapeshifter) (D)
  A hell hound (D)
  A water moccasin (D)
  2 wasps (D)
  A black bear (shapeshifter) (D)
  2 black bears (D)
  A phantom (D)
  2 necrophages (D)
  2 ice beasts (D)
  4 centaurs (D)
  5 earth elementals (D)
  2 wights (D)
  A crimson imp (D)
  2 iron imps (D)
  2 iguanas (D)
  A mummy (D)
  An adder (D)
  7 white imps (D)
  An ufetubus (D)
  4 adder skeletons (D)
  3 adder zombies (D)
  A ball python (D)
  2 bat skeletons (D)
  3 bat zombies (D)
  A ball python zombie (D)
  A giant cockroach simulacrum (D)
  2 giant cockroach zombies (D)
  A giant gecko zombie (D)
  A jackal skeleton (D)
  A quokka zombie (D)
221 creatures vanquished.

Notes
Turn   | Place    | Note
--------------------------------------------------------------
     0 | D        | Kidiri the Naga Fighter began the quest for the Orb.
     0 | D        | Reached XP level 1. HP: 21/21 MP: 1/1
     4 | D        | Found a viscous altar of Jiyva.
     4 | D        | Found a roughly hewn altar of Beogh.
     4 | D        | Found a corrupted altar of Lugonu.
     4 | D        | Found a white marble altar of Elyvilon.
     4 | D        | Found a sparkling altar of Nemelex Xobeh.
     5 | D        | Found a burning altar of Makhleb.
     5 | D        | Found an iron altar of Okawaru.
     5 | D        | Found a deep blue altar of Sif Muna.
     5 | D        | Found a radiant altar of Vehumet.
     5 | D        | Found a bloodstained altar of Trog.
     5 | D        | Found a shimmering altar of Xom.
    70 | D        | Became a worshipper of Cheibriados the Contemplative
    83 | D        | Reached skill level 4 in Fighting
    83 | D        | Reached skill level 1 in Dodging
    83 | D        | Reached XP level 2. HP: 27/31 MP: 1/3
   117 | D        | Entered arena 1.
   119 | D        | Reached XP level 3. HP: 37/37 MP: 4/4
   120 | D        | Reached skill level 5 in Fighting
   120 | D        | Reached XP level 4. HP: 43/46 MP: 4/6
   133 | D        | Entered arena 2.
   133 | D        | Noticed a water moccasin
   137 | D        | Reached * piety under Cheibriados
   137 | D        | Reached ** piety under Cheibriados
   138 | D        | Killed a water moccasin
   138 | D        | Reached skill level 6 in Fighting
   138 | D        | Reached skill level 5 in Maces & Flails
   138 | D        | Reached skill level 5 in Shields
   138 | D        | Reached XP level 5. HP: 52/55 MP: 7/7
   253 | D        | Entered arena 3.
   256 | D        | Reached skill level 5 in Armour
   257 | D        | Reached *** piety under Cheibriados
   260 | D        | Reached XP level 6. HP: 60/63 MP: 7/9
   369 | D        | Entered arena 4.
   369 | D        | Noticed a hell hound
   371 | D        | Reached **** piety under Cheibriados
   372 | D        | Killed a hell hound
   372 | D        | Reached skill level 7 in Fighting
   380 | D        | Got the +0 cloak of Yredelemnul's Fury {Str+2}
   413 | D        | Entered arena 5.
   413 | D        | Noticed a wolf
   413 | D        | Noticed a black bear
   413 | D        | Noticed a wolf
   413 | D        | Noticed a black bear
   413 | D        | Noticed a wolf
   416 | D        | Killed a black bear
   416 | D        | Reached ***** piety under Cheibriados
   416 | D        | Reached skill level 5 in Invocations
   416 | D        | Reached XP level 7. HP: 63/72 MP: 10/10
   417 | D        | Killed a wolf
   417 | D        | Killed a wolf
   417 | D        | Reached skill level 8 in Fighting
   417 | D        | Killed a wolf
   417 | D        | Reached XP level 8. HP: 69/82 MP: 10/12
   447 | D        | Entered arena 6.
   447 | D        | Noticed a purple ugly thing
   447 | D        | Noticed a white ugly thing
   447 | D        | Noticed a jumping spider
   447 | D        | Noticed a purple ugly thing
   447 | D        | Gained mutation: You are dopey. (Int -2) [a neqoxec]
   448 | D        | Killed a jumping spider
   448 | D        | Reached ****** piety under Cheibriados
   452 | D        | Killed a purple ugly thing
   452 | D        | Reached skill level 9 in Fighting
   452 | D        | Reached skill level 5 in Dodging
   453 | D        | Reached XP level 9. HP: 85/92 MP: 7/14
   453 | D        | Killed a purple ugly thing
   453 | D        | Killed a purple ugly thing
   453 | D        | Reached skill level 10 in Fighting
   473 | D        | Gained mutation: You are clumsy. (Dex -2) [mutagenic meat]
   474 | D        | Gained mutation: You are surrounded by a mild repulsion field (EV +2). [mutagenic meat]
   478 | D        | Gained mutation: You are very clumsy. (Dex -4) [mutagenic meat]
   479 | D        | Lost mutation: You are dopey. (Int -2) [mutagenic meat]
   480 | D        | Gained mutation: Your mind is acute. (Int +2) [mutagenic meat]
   481 | D        | Gained mutation: Your magical capacity is low (-10% MP). [mutagenic meat]
   482 | D        | Gained mutation: You have very sharp teeth. [mutagenic meat]
   483 | D        | Gained mutation: You occasionally shout uncontrollably at your foes. [mutagenic meat]
   584 | D        | Entered arena 7.
   584 | D        | Noticed a two-headed ogre
   584 | D        | Noticed a two-headed ogre
   584 | D        | Noticed a two-headed ogre
   584 | D        | Noticed a two-headed ogre
   584 | D        | Noticed a two-headed ogre
   584 | D        | Noticed a troll
   586 | D        | Killed a two-headed ogre
   586 | D        | Reached skill level 10 in Maces & Flails
   586 | D        | Killed a troll
   586 | D        | Killed a two-headed ogre
   586 | D        | Killed a two-headed ogre
   586 | D        | Reached XP level 10. HP: 101/103 MP: 8/14
   633 | D        | Entered arena 8.
   633 | D        | Noticed a cyclops
   633 | D        | Noticed a cyclops
   634 | D        | Reached skill level 11 in Fighting
   638 | D        | Killed a cyclops
   638 | D        | Killed a cyclops
   748 | D        | Entered arena 9.
   748 | D        | Noticed a toenail golem
   748 | D        | Noticed a toenail golem
   748 | D        | Noticed a gargoyle
   748 | D        | Noticed a gargoyle
   748 | D        | Noticed a toenail golem
   748 | D        | Noticed a toenail golem
   749 | D        | Killed a gargoyle
   749 | D        | Reached skill level 10 in Shields
   750 | D        | Killed a gargoyle
   751 | D        | Killed a toenail golem
   751 | D        | Reached skill level 10 in Armour
   751 | D        | Killed a toenail golem
   753 | D        | Killed a toenail golem
   753 | D        | Reached skill level 12 in Fighting
   753 | D        | Reached XP level 11. HP: 114/114 MP: 4/16
   792 | D        | Entered arena 10.
   792 | D        | Noticed a vault guard
   792 | D        | Noticed an orc knight
   792 | D        | Noticed an ogre mage
   792 | D        | Noticed an orc knight
   792 | D        | Noticed a cyan ugly thing
   795 | D        | Killed an ogre mage
   795 | D        | Killed a cyan ugly thing
   795 | D        | Killed an orc knight
   795 | D        | Killed a vault guard
   795 | D        | Reached skill level 13 in Fighting
   795 | D        | Reached skill level 10 in Invocations
   795 | D        | Killed an orc knight
   820 | D        | Got the ring of Edoog {Fragile +Inv rElec rC- rN+}
   856 | D        | Entered arena 11.
   856 | D        | Noticed a sea snake
   856 | D        | Noticed a merfolk javelineer
   856 | D        | Noticed a merfolk impaler
   856 | D        | Noticed a sea snake
   856 | D        | Noticed an alligator snapping turtle
   856 | D        | Noticed a merfolk aquamancer
   857 | D        | Noticed a manticore
   858 | D        | Noticed a merfolk impaler
   858 | D        | Killed a sea snake
   858 | D        | Killed a sea snake
   858 | D        | Killed a manticore
   859 | D        | Killed a merfolk impaler
   859 | D        | Reached XP level 12. HP: 126/126 MP: 6/17
   859 | D        | Killed a merfolk javelineer
   859 | D        | Killed a merfolk aquamancer
   864 | D        | Killed a merfolk impaler
   864 | D        | Reached skill level 14 in Fighting
   865 | D        | Killed an alligator snapping turtle
  1000 | D        | Entered arena 12.
  1000 | D        | Noticed an iron dragon
  1000 | D        | Noticed a crystal guardian
  1000 | D        | Noticed an iron golem
  1001 | D        | Noticed an iron golem
  1001 | D        | Noticed an iron golem
  1003 | D        | Killed a crystal guardian
  1005 | D        | Noticed a quicksilver dragon
  1007 | D        | Noticed an iron dragon
  1010 | D        | Killed an iron dragon
  1011 | D        | Killed a quicksilver dragon
  1011 | D        | Killed an iron golem
  1011 | D        | Killed an iron golem
  1019 | D        | Killed an iron golem
  1024 | D        | Killed an iron dragon
  1024 | D        | Reached skill level 15 in Fighting
  1024 | D        | Gained mutation: You can use your snake-like lower body to constrict enemies. [Naga growth]
  1024 | D        | Reached XP level 13. HP: 107/138 MP: 2/19
  1074 | D        | Entered arena 13.
  1078 | D        | Reached skill level 15 in Maces & Flails
  1222 | D        | Entered arena 14.
  1223 | D        | Noticed an ice dragon
  1223 | D        | Noticed a blizzard demon
  1223 | D        | Noticed a frost giant
  1224 | D        | Noticed an ice dragon
  1224 | D        | Noticed a frost giant
  1227 | D        | Killed a blizzard demon
  1228 | D        | Killed an ice dragon
  1229 | D        | Killed a frost giant
  1231 | D        | Killed a frost giant
  1233 | D        | Killed an ice dragon
  1233 | D        | Reached skill level 16 in Fighting
  1465 | D        | Entered arena 15.
  1467 | D        | Reached skill level 10 in Dodging
  1518 | D        | Got the ring of Wink {rElec rF+ rC- Dex+9}
  1528 | D        | Got a shimmering naga barding
  1534 | D        | Identified the +4 naga barding "Zaecs" {Int+2} (You acquired it in the Dungeon)
  1539 | D        | Entered arena 16.
  1544 | D        | Noticed a blizzard demon
  1550 | D        | Killed a blizzard demon
  1691 | D        | Entered arena 17.
  1694 | D        | Noticed a minotaur
  1694 | D        | Noticed a brown very ugly thing
  1694 | D        | Noticed a great orb of eyes
  1694 | D        | a minotaur changed into a great orb of eyes
  1695 | D        | a great orb of eyes changed into a giant orange brain
  1695 | D        | Noticed a fire dragon
  1695 | D        | a wolf spider changed into a fire dragon
  1698 | D        | Reached XP level 14. HP: 148/150 MP: 14/20
  1698 | D        | Reached skill level 15 in Shields
  1699 | D        | Killed a purple very ugly thing
  1699 | D        | Reached skill level 17 in Fighting
  1743 | D        | Gained mutation: Your magical capacity is very low (-20% MP). [mutagenic meat]
  1746 | D        | Lost mutation: Your mind is acute. (Int +2) [mutagenic meat]
  1749 | D        | Gained mutation: You expend magic power (3 MP) to strengthen your wands. [mutagenic meat]
  1750 | D        | Gained mutation: You evolve. [mutagenic meat]
  1755 | D        | Lost mutation: You are very clumsy. (Dex -4) [mutagenic meat]
  1756 | D        | Lost mutation: You expend magic power (3 MP) to strengthen your wands. [mutagenic meat]
  1757 | D        | Gained mutation: You have a pair of small antennae on your head. [mutagenic meat]
  1758 | D        | Lost mutation: Your magical capacity is very low (-20% MP). [mutagenic meat]
  1759 | D        | Gained mutation: You passively map a small area around you. [mutagenic meat]
  1760 | D        | Lost mutation: You passively map a small area around you. [mutagenic meat]
  1764 | D        | Gained mutation: You are partially covered in thin metallic scales (AC +2). [mutagenic meat]
  1771 | D        | Got the ring "Teizaf" {Int+7 SInv}
  1792 | D        | Gained mutation: Your body sometimes deteriorates upon taking damage. [mutagenic meat]
  1805 | D        | Entered arena 18.
  1808 | D        | Noticed a deep elf blademaster
  1808 | D        | Noticed a deep elf master archer
  1808 | D        | Noticed a deep elf annihilator
  1808 | D        | Noticed a deep elf annihilator
  1808 | D        | Noticed a deep elf master archer
  1808 | D        | Noticed a deep elf blademaster
  1809 | D        | Reached skill level 15 in Armour
  1810 | D        | Killed a deep elf annihilator
  1810 | D        | Killed a deep elf annihilator
  1811 | D        | Noticed a deep elf annihilator
  1811 | D        | Killed a deep elf blademaster
  1811 | D        | Reached skill level 18 in Fighting
  1811 | D        | Killed a deep elf master archer
  1811 | D        | Killed a deep elf blademaster
  1811 | D        | Killed a deep elf master archer
  1818 | D        | Killed a deep elf annihilator
  1887 | D        | Entered arena 19.
  1892 | D        | Noticed a black draconian
  1892 | D        | Noticed a white draconian
  1892 | D        | Noticed a green draconian
  1892 | D        | Noticed a black draconian
  1892 | D        | Noticed a green draconian
  1892 | D        | Noticed a yellow draconian
  1892 | D        | Noticed a black draconian
  1892 | D        | Noticed a white draconian
  1892 | D        | Noticed a mottled draconian
  1892 | D        | Noticed a yellow draconian
  1892 | D        | Noticed a red draconian shifter
  1893 | D        | Noticed a white draconian monk
  1893 | D        | Noticed a mottled draconian
  1893 | D        | Noticed a mottled draconian
  1893 | D        | Noticed a white draconian
  1893 | D        | Noticed a green draconian
  1893 | D        | Noticed a yellow draconian
  1893 | D        | Noticed a purple draconian knight
  1893 | D        | Noticed a purple draconian
  1893 | D        | Noticed a green draconian
  1893 | D        | Noticed a white draconian zealot
  1893 | D        | Noticed a green draconian
  1896 | D        | Killed a white draconian
  1896 | D        | Killed a black draconian
  1896 | D        | Reached XP level 15. HP: 134/163 MP: 10/21
  1896 | D        | Reached skill level 19 in Fighting
  1896 | D        | Killed a white draconian zealot
  1897 | D        | Killed a red draconian shifter
  1897 | D        | Killed a purple draconian knight
  1897 | D        | Killed a white draconian monk
  1939 | D        | Got the ring "Yhurrawk" {Fire Str+4}
  2065 | D        | Entered arena 20.
  2070 | D        | Noticed a shadow dragon
  2071 | D        | Noticed a ghoul
  2071 | D        | Reached skill level 20 in Fighting
  2072 | D        | Noticed a shadow dragon
  2074 | D        | Noticed a ghoul
  2079 | D        | Killed a shadow dragon
  2081 | D        | Killed a ghoul
  2083 | D        | Killed a shadow dragon
  2084 | D        | Killed a ghoul
  2206 | D        | Entered arena 21.
  2210 | D        | Noticed a deep elf master archer
  2210 | D        | Noticed a deep elf master archer
  2210 | D        | Noticed a deep elf master archer
  2210 | D        | Noticed a deep elf sorcerer
  2211 | D        | Noticed a deep elf sorcerer
  2211 | D        | Noticed a deep elf sorcerer
  2211 | D        | Noticed a deep elf master archer
  2212 | D        | Noticed a deep elf sorcerer
  2213 | D        | Reached XP level 16. HP: 75/180 MP: 18/22
  2213 | D        | Killed from afar by a deep elf knight

Vault maps used:
D:        sprint_v

Action                   |  1- 3 |  4- 6 |  7- 9 | 10-12 | 13-15 | 16-18 || total
-------------------------+-------+-------+-------+-------+-------+-------++-------
Melee: Shillelagh        |     3 |    17 |     4 |    26 |    29 |       ||    79
Invok: Slouch            |       |       |     3 |    15 |    21 |     1 ||    40
       Bend Time         |       |       |       |       |     1 |       ||     1
  Use: Potion            |     1 |       |       |       |     1 |       ||     2
       Scroll            |       |       |       |       |     2 |       ||     2
  Eat: Chunk             |       |       |    12 |     1 |    28 |       ||    41
       Meat ration       |       |       |       |       |     1 |       ||     1
